General information
- name: BNet
- type: Ladder team game (AT/RT)
- host: Battle.net
- saver: ShotOfCocaine
map: GolemsInTheMist
- players: 8
- length: 39:37
- speed: Fast
- version: 1.26 W3XP
- replay type: Public
» download(219 KB)
Players
team 1 (loser)
BloodInTheWeIIs (
teal | 86 APM | 3424 actions | 39:36)
10 Warden
3 Fan of Knives
3 Blink
3 Shadow Strike
1 Spirit of Vengeance
1 Blademaster
1 Critical Strike
» actions
| Assign group hotkey | 84 | |
| Basic commands | 21 | |
| Build / train | 82 | |
| Enter build submenu | 54 | |
| Enter hero's abilities submenu | 11 | |
| Give item / drop item | 2 | |
| Remove unit from queue | 1 | |
| Right click | 1723 | |
| Select / deselect | 437 | |
| Select group hotkey | 736 | |
| Use ability | 273 | |
3424 total
» units
» upgrades
| Ultravision | 1 | |
| Well Spring | 1 | |
| Abolish Magic | 1 | |
| Strength of the Wild | 3 | |
| Reinforced Hides | 3 | |
| Druid of the Claw Training | 2 | |
| Nature's Blessing | 1 | |
12 total
» buildings
| Moon Well | 56 | |
| Altar of Elders | 1 | |
| Ancient of Wonders | 2 | |
| Hunter's Hall | 2 | |
| Tree of Ages | 1 | |
| Tree of Life | 4 | |
| Ancient Protector | 20 | |
| Tree of Eternity | 1 | |
| Ancient of Lore | 3 | |
| Altar of Storms | 2 | |
| Orc Burrow | 4 | |
96 total
» build order
00:45 Moon Well
00:51 Altar of Elders
00:57 Moon Well
01:14 Moon Well
01:42 Moon Well
02:19 Moon Well
02:59 Moon Well
03:05 Moon Well
03:30 Ancient of Wonders
03:51 Moon Well
04:04 Moon Well
04:30 Hunter's Hall
05:24 Tree of Ages
05:50 Moon Well
05:51 Moon Well
05:51 Moon Well
07:24 Tree of Life
07:34 Tree of Life
07:40 Ancient Protector
07:46 Ancient Protector
07:55 Tree of Eternity
08:01 Moon Well
08:01 Moon Well
08:01 Moon Well
08:02 Moon Well
09:27 Ancient of Lore
09:28 Ancient of Lore
09:30 Ancient of Lore
13:43 Hunter's Hall
14:25 Ancient Protector
14:26 Ancient Protector
14:26 Ancient Protector
14:27 Ancient Protector
14:28 Ancient Protector
14:29 Ancient Protector
14:29 Ancient Protector
14:30 Ancient Protector
14:30 Ancient Protector
14:31 Ancient Protector
14:32 Ancient Protector
14:33 Ancient Protector
16:00 Ancient of Wonders
20:43 Tree of Life
20:46 Ancient Protector
20:47 Ancient Protector
20:48 Ancient Protector
20:48 Ancient Protector
20:48 Ancient Protector
20:50 Ancient Protector
24:42 Altar of Storms
24:44 Orc Burrow
24:47 Altar of Storms
24:51 Orc Burrow
28:42 Orc Burrow
28:44 Orc Burrow
31:09 Moon Well
31:10 Moon Well
31:10 Moon Well
31:11 Moon Well
31:12 Moon Well
31:12 Moon Well
31:12 Moon Well
31:13 Moon Well
31:14 Moon Well
31:15 Moon Well
31:15 Moon Well
31:16 Moon Well
31:17 Moon Well
31:17 Moon Well
31:18 Moon Well
31:19 Moon Well
31:20 Moon Well
31:20 Moon Well
31:20 Moon Well
31:21 Moon Well
31:21 Moon Well
31:22 Moon Well
31:22 Moon Well
31:23 Moon Well
31:23 Moon Well
31:23 Moon Well
31:24 Moon Well
31:24 Moon Well
31:25 Moon Well
31:25 Moon Well
31:26 Moon Well
31:27 Moon Well
31:27 Moon Well
31:27 Moon Well
31:28 Moon Well
31:28 Moon Well
31:29 Moon Well
31:39 Tree of Life
» items

»
Herbmann (
red | 70 APM | 1117 actions | 16:02)
2 Demon Hunter
1 Mana Burn
1 Immolation
1 Keeper of the Grove
1 Entangling Roots
» actions
| Assign group hotkey | 10 | |
| Basic commands | 111 | |
| Build / train | 60 | |
| ESC pressed | 15 | |
| Enter build submenu | 17 | |
| Enter hero's abilities submenu | 3 | |
| Remove unit from queue | 1 | |
| Right click | 552 | |
| Select / deselect | 246 | |
| Select group hotkey | 7 | |
| Use ability | 93 | |
1117 total
» units
| Wisp | 29 | |
| Archer | 20 | |
| Goblin Shredder | 1 | |
| Faerie Dragon | 1 | |
51 total
» upgrades
| Improved Bows | 1 | |
| Strength of the Moon | 1 | |
2 total
» buildings
| Ancient of War | 2 | |
| Altar of Elders | 1 | |
| Moon Well | 5 | |
| Tree of Ages | 1 | |
| Ancient of Wonders | 1 | |
| Ancient of Wind | 1 | |
| Hunter's Hall | 1 | |
12 total
» build order
00:13 Ancient of War
00:42 Altar of Elders
02:00 Moon Well
02:35 Moon Well
04:07 Moon Well
04:58 Tree of Ages
06:13 Moon Well
06:42 Ancient of War
06:53 Ancient of Wonders
10:05 Ancient of Wind
10:22 Moon Well
10:42 Hunter's Hall

»
The_Big_Poop (
pink | 67 APM | 1442 actions | 21:40)
6 Blademaster
3 Wind Walk
2 Critical Strike
1 Bladestorm
» actions
| Assign group hotkey | 18 | |
| Basic commands | 34 | |
| Build / train | 59 | |
| Enter build submenu | 18 | |
| Enter hero's abilities submenu | 6 | |
| Give item / drop item | 3 | |
| Remove unit from queue | 2 | |
| Right click | 565 | |
| Select / deselect | 323 | |
| Select group hotkey | 366 | |
| Use ability | 48 | |
1442 total
» units
» upgrades
| Armor | 1 | |
| Ranged Weapons | 2 | |
| Envenomed Spears | 1 | |
4 total
» buildings
| Altar of Storms | 1 | |
| Orc Burrow | 8 | |
| Barracks | 1 | |
| Voodoo Lounge | 1 | |
| Stronghold | 1 | |
| War Mill | 1 | |
| Great Hall | 3 | |
| Beastiary | 2 | |
| Fortress | 3 | |
| Watch Tower | 5 | |
26 total
» build order
00:08 Altar of Storms
00:13 Orc Burrow
00:45 Barracks
01:33 Orc Burrow
02:09 Voodoo Lounge
02:58 Orc Burrow
03:27 Stronghold
04:16 War Mill
04:51 Orc Burrow
05:56 Great Hall
06:10 Beastiary
06:11 Beastiary
07:06 Great Hall
07:26 Fortress
07:27 Fortress
08:17 Great Hall
08:45 Orc Burrow
09:26 Orc Burrow
10:20 Orc Burrow
10:23 Orc Burrow
11:54 Watch Tower
11:56 Watch Tower
11:59 Watch Tower
12:00 Watch Tower
12:02 Watch Tower
» items
| Healing Salve | 6 | |
| Lesser Clarity Potion | 1 | |
| Scroll of Town Portal | 2 | |
| Orb of Lightning | 1 | |
10 total

»
GeneralOverton (
blue | 28 APM | 546 actions | 19:29)
4 Dreadlord
2 Carrion Swarm
2 Vampiric Aura
» actions
| Assign group hotkey | 4 | |
| Basic commands | 23 | |
| Build / train | 63 | |
| Enter build submenu | 16 | |
| Enter hero's abilities submenu | 4 | |
| Give item / drop item | 4 | |
| Remove unit from queue | 1 | |
| Right click | 163 | |
| Select / deselect | 205 | |
| Select group hotkey | 16 | |
| Use ability | 47 | |
546 total
» units
| Acolyte | 10 | |
| Ghoul | 15 | |
| Goblin Shredder | 1 | |
| Crypt Fiend | 3 | |
| Goblin Zeppelin | 1 | |
| Obsidian Statue | 2 | |
| Necromancer | 3 | |
| Abomination | 4 | |
39 total
» upgrades
| Cannibalize | 1 | |
| Web | 1 | |
| Necromancer Training | 2 | |
| Skeletal Longevity | 2 | |
| Skeletal Mastery | 1 | |
| Disease Cloud | 1 | |
8 total
» buildings
| Ziggurat | 8 | |
| Crypt | 1 | |
| Altar of Darkness | 1 | |
| Tomb of Relics | 1 | |
| Graveyard | 1 | |
| Halls of the Dead | 1 | |
| Spirit Tower | 5 | |
| Slaughterhouse | 1 | |
| Temple of the Damned | 1 | |
| Black Citadel | 1 | |
| Necropolis | 1 | |
22 total
» build order
00:22 Ziggurat
00:48 Crypt
00:58 Altar of Darkness
01:49 Ziggurat
02:14 Ziggurat
02:20 Tomb of Relics
03:13 Graveyard
04:32 Halls of the Dead
05:53 Spirit Tower
05:57 Spirit Tower
06:35 Ziggurat
07:19 Slaughterhouse
07:23 Temple of the Damned
07:24 Black Citadel
07:27 Spirit Tower
07:30 Spirit Tower
11:50 Ziggurat
11:53 Ziggurat
11:54 Ziggurat
13:01 Ziggurat
15:16 Spirit Tower
18:18 Necropolis
» items
| Rod of Necromancy | 1 | |
| Scroll of Town Portal | 1 | |
| Orb of Corruption | 1 | |
3 total
team 2 (winner)
ShotOfCocaine (
orange | 76 APM | 3003 actions | 39:37)
6 Blood Mage
3 Flame Strike
2 Banish
1 Summon Phoenix
4 Mountain King
2 Storm Bolt
2 Bash
» actions
| Assign group hotkey | 49 | |
| Basic commands | 345 | |
| Build / train | 105 | |
| ESC pressed | 6 | |
| Enter build submenu | 49 | |
| Enter hero's abilities submenu | 10 | |
| Give item / drop item | 6 | |
| Right click | 1137 | |
| Select / deselect | 369 | |
| Select group hotkey | 806 | |
| Use ability | 121 | |
3003 total
» units
| Peasant | 18 | |
| Footman | 3 | |
| Goblin Shredder | 3 | |
| Dragonhawk Rider | 4 | |
| Gryphon Rider | 3 | |
31 total
» upgrades
| Masonry | 4 | |
| Swords | 4 | |
| Armor | 4 | |
| Lumber Harvesting | 2 | |
| Storm Hammers | 1 | |
| Animal War Training | 1 | |
| Cloud | 1 | |
| Backpack | 1 | |
| Plating | 1 | |
| Magic Sentry | 2 | |
| Gunpowder | 1 | |
| Defend | 1 | |
| Long Rifles | 1 | |
| Sorceress Training | 1 | |
| Priest Training | 1 | |
| Control Magic | 1 | |
27 total
» buildings
| Altar of Kings | 1 | |
| Farm | 15 | |
| Barracks | 1 | |
| Town Hall | 2 | |
| Arcane Vault | 1 | |
| Lumber Mill | 1 | |
| Scout Tower | 20 | |
| Keep | 1 | |
| Blacksmith | 1 | |
| Guard Tower | 15 | |
| Castle | 1 | |
| Gryphon Aviary | 4 | |
| Arcane Sanctum | 1 | |
64 total
» build order
00:04 Altar of Kings
00:07 Farm
00:12 Barracks
00:59 Farm
01:54 Farm
02:01 Farm
02:46 Farm
03:25 Town Hall
03:58 Arcane Vault
04:37 Farm
05:14 Lumber Mill
05:20 Scout Tower
05:22 Scout Tower
05:56 Keep
06:05 Blacksmith
06:21 Guard Tower
06:41 Scout Tower
06:42 Scout Tower
06:43 Scout Tower
07:12 Guard Tower
07:12 Guard Tower
07:13 Guard Tower
07:14 Guard Tower
07:34 Scout Tower
07:36 Scout Tower
08:18 Castle
08:24 Gryphon Aviary
08:25 Gryphon Aviary
10:31 Guard Tower
11:35 Gryphon Aviary
11:37 Gryphon Aviary
11:58 Farm
12:00 Farm
12:01 Farm
12:55 Farm
12:56 Farm
12:56 Farm
12:57 Farm
15:34 Farm
15:36 Farm
18:28 Town Hall
18:30 Scout Tower
18:31 Scout Tower
18:31 Scout Tower
18:54 Scout Tower
18:55 Scout Tower
18:57 Scout Tower
19:08 Guard Tower
19:55 Guard Tower
22:20 Scout Tower
22:21 Scout Tower
22:23 Scout Tower
22:24 Scout Tower
23:22 Guard Tower
30:06 Scout Tower
30:07 Scout Tower
30:59 Arcane Sanctum
31:05 Guard Tower
31:05 Guard Tower
36:38 Scout Tower
» items
| Scroll of Regeneration | 7 | |
| Scroll of Town Portal | 5 | |
| Orb of Fire | 2 | |
| Potion of Healing | 2 | |
| Sacrificial Skull | 2 | |
18 total

»
RonPaulRocks (
yellow | 35 APM | 975 actions | 28:01)
7 Mountain King
3 Storm Bolt
3 Bash
1 Avatar
3 Paladin
2 Holy Light
1 Devotion Aura
» actions
| Assign group hotkey | 22 | |
| Basic commands | 3 | |
| Build / train | 84 | |
| ESC pressed | 1 | |
| Enter build submenu | 25 | |
| Enter hero's abilities submenu | 10 | |
| Give item / drop item | 2 | |
| Remove unit from queue | 2 | |
| Right click | 331 | |
| Select / deselect | 281 | |
| Select group hotkey | 121 | |
| Use ability | 93 | |
975 total
» units
| Peasant | 14 | |
| Footman | 12 | |
| Goblin Shredder | 1 | |
| Priest | 4 | |
| Sorceress | 4 | |
| Mortar Team | 3 | |
| Siege Engine | 7 | |
45 total
» upgrades
| Defend | 1 | |
| Gunpowder | 2 | |
| Armor | 2 | |
| Masonry | 2 | |
| Barrage | 1 | |
8 total
» buildings
| Altar of Kings | 1 | |
| Barracks | 1 | |
| Farm | 12 | |
| Arcane Vault | 1 | |
| Lumber Mill | 1 | |
| Scout Tower | 19 | |
| Guard Tower | 6 | |
| Keep | 1 | |
| Arcane Tower | 2 | |
| Blacksmith | 1 | |
| Workshop | 5 | |
| Arcane Sanctum | 1 | |
| Town Hall | 1 | |
| Castle | 1 | |
| Cannon Tower | 1 | |
54 total
» build order
00:10 Altar of Kings
00:14 Barracks
00:21 Farm
01:07 Farm
01:54 Arcane Vault
03:03 Lumber Mill
03:11 Farm
03:13 Farm
04:10 Scout Tower
04:11 Scout Tower
04:12 Scout Tower
05:25 Guard Tower
06:33 Keep
06:35 Arcane Tower
06:40 Scout Tower
06:41 Scout Tower
07:21 Guard Tower
07:31 Farm
07:41 Blacksmith
07:50 Guard Tower
10:41 Farm
10:42 Farm
10:42 Farm
10:43 Farm
10:48 Workshop
10:54 Workshop
10:59 Arcane Sanctum
11:56 Town Hall
12:01 Farm
12:03 Farm
12:06 Scout Tower
12:08 Scout Tower
12:09 Scout Tower
12:10 Scout Tower
12:58 Guard Tower
13:09 Farm
13:36 Scout Tower
13:37 Scout Tower
13:44 Scout Tower
13:45 Scout Tower
13:46 Scout Tower
14:49 Castle
15:17 Guard Tower
16:18 Scout Tower
16:20 Scout Tower
16:21 Scout Tower
16:56 Cannon Tower
18:18 Guard Tower
18:22 Scout Tower
18:26 Scout Tower
18:44 Workshop
19:11 Arcane Tower
20:14 Workshop
20:15 Workshop
» items
| Scroll of Regeneration | 4 | |
| Lesser Clarity Potion | 1 | |
| Orb of Fire | 1 | |
6 total
Josh8 (
purple | 44 APM | 814 actions | 18:28)
5 Archmage
3 Summon Water Elemental
2 Brilliance Aura
» actions
| Basic commands | 37 | |
| Build / train | 52 | |
| Enter build submenu | 18 | |
| Enter hero's abilities submenu | 5 | |
| Remove unit from queue | 3 | |
| Right click | 448 | |
| Select / deselect | 214 | |
| Use ability | 37 | |
814 total
» units
» upgrades
| Defend | 1 | |
| Animal War Training | 1 | |
| Lumber Harvesting | 2 | |
| Swords | 3 | |
| Plating | 2 | |
9 total
» buildings
| Altar of Kings | 1 | |
| Farm | 9 | |
| Barracks | 2 | |
| Arcane Vault | 1 | |
| Keep | 1 | |
| Castle | 1 | |
| Lumber Mill | 1 | |
| Blacksmith | 1 | |
| Town Hall | 1 | |
| Scout Tower | 1 | |
| Arcane Tower | 1 | |
20 total
» build order
00:38 Altar of Kings
00:56 Farm
01:35 Barracks
02:12 Arcane Vault
02:31 Farm
02:57 Farm
03:29 Farm
03:37 Keep
04:31 Farm
04:34 Farm
06:12 Castle
06:19 Lumber Mill
08:13 Blacksmith
08:17 Barracks
11:09 Farm
11:09 Farm
11:10 Farm
14:00 Town Hall
16:37 Scout Tower
17:29 Arcane Tower
» items
| Scroll of Regeneration | 4 | |
| Scroll of Town Portal | 1 | |
5 total
BattleWolf (
green | 21 APM | 819 actions | 39:36)
5 Death Knight
3 Death Pact
2 Death Coil
» actions
| Basic commands | 27 | |
| Build / train | 61 | |
| ESC pressed | 1 | |
| Enter build submenu | 43 | |
| Enter hero's abilities submenu | 5 | |
| Give item / drop item | 2 | |
| Remove unit from queue | 2 | |
| Right click | 193 | |
| Select / deselect | 421 | |
| Use ability | 64 | |
819 total
» units
| Acolyte | 13 | |
| Ghoul | 7 | |
| Goblin Shredder | 1 | |
| Goblin Zeppelin | 1 | |
| Necromancer | 6 | |
| Abomination | 2 | |
30 total
» upgrades
| Unholy Armor | 3 | |
| Unholy Strength | 3 | |
| Necromancer Training | 2 | |
| Skeletal Longevity | 1 | |
| Skeletal Mastery | 1 | |
| Ghoul Frenzy | 1 | |
| Disease Cloud | 1 | |
| Creature Attack | 1 | |
| Creature Carapace | 1 | |
14 total
» buildings
| Crypt | 2 | |
| Ziggurat | 10 | |
| Altar of Darkness | 1 | |
| Tomb of Relics | 1 | |
| Nerubian Tower | 1 | |
| Halls of the Dead | 1 | |
| Graveyard | 1 | |
| Black Citadel | 1 | |
| Temple of the Damned | 5 | |
| Necropolis | 2 | |
| Spirit Tower | 2 | |
| Slaughterhouse | 3 | |
| Sacrificial Pit | 3 | |
| Scout Tower | 7 | |
40 total
» build order
00:17 Crypt
00:20 Ziggurat
00:49 Altar of Darkness
01:03 Tomb of Relics
01:48 Ziggurat
02:03 Ziggurat
02:29 Crypt
03:38 Ziggurat
04:22 Nerubian Tower
04:26 Halls of the Dead
06:19 Graveyard
06:23 Ziggurat
06:29 Ziggurat
06:47 Black Citadel
07:56 Temple of the Damned
08:02 Temple of the Damned
08:04 Temple of the Damned
09:58 Necropolis
10:05 Spirit Tower
15:05 Temple of the Damned
15:17 Temple of the Damned
15:25 Slaughterhouse
15:48 Slaughterhouse
15:52 Slaughterhouse
17:41 Ziggurat
17:46 Ziggurat
17:49 Ziggurat
17:53 Ziggurat
19:09 Spirit Tower
20:37 Sacrificial Pit
24:12 Sacrificial Pit
24:19 Sacrificial Pit
28:23 Necropolis
31:19 Scout Tower
31:20 Scout Tower
31:21 Scout Tower
31:22 Scout Tower
31:24 Scout Tower
31:26 Scout Tower
31:27 Scout Tower
» items
| Rod of Necromancy | 1 | |
| Orb of Corruption | 1 | |
| Scroll of Town Portal | 1 | |
| Scroll of Healing | 1 | |
| Potion of Healing | 1 | |
5 total
Chat log
(00:15 / All) GeneralOverton: RON PAUL 2012
(00:25 / All) RonPaulRocks: =)))
(00:28 / All) BattleWolf: amen
(00:30 / All) GeneralOverton: :D
(01:12 / Allies) ShotOfCocaine: I'm expoing here
(01:15 / Allies) ShotOfCocaine: don't need help
(01:15 / Allies) RonPaulRocks: k
(01:39 / All) BattleWolf: im a man im 40
(01:43 / All) BattleWolf: you come at me
(06:34 / Allies) ShotOfCocaine: check expos
(06:44 / Allies) RonPaulRocks: good idea
(08:10 / Allies) RonPaulRocks: what units u getting orange?
(08:15 / Allies) ShotOfCocaine: air
(08:17 / Allies) ShotOfCocaine: you guys get melee
(08:18 / Allies) RonPaulRocks: k
(08:23 / Allies) Josh8: getting knights
(08:42 / Allies) RonPaulRocks: ill get magic and some canons
(10:12 / Allies) ShotOfCocaine: check expo
(10:12 / Allies) ShotOfCocaine: again
(10:15 / Allies) ShotOfCocaine: pink wanted it bad
(10:26 / Allies) Josh8: we need aa
(10:35 / Allies) ShotOfCocaine: i got dhawks coming
(11:11 / Allies) ShotOfCocaine: fucking idiots
(11:13 / Allies) ShotOfCocaine: why didn't you hit it
(11:23 / Allies) Josh8: because they have air
(11:26 / Allies) ShotOfCocaine: do you fucking retards want backstabbed?
(11:28 / Allies) ShotOfCocaine: i had dhawks
(11:30 / Allies) ShotOfCocaine: dumbfuck
(11:36 / Allies) Josh8: u did???? didnt see them
(11:48 / Allies) ShotOfCocaine: yeah since they died to wyvs since you goddamn retards took too long
(12:07 / Allies) Josh8: oh really????
(12:12 / Allies) Josh8: didnt know how to use shackles then
(12:16 / Allies) ShotOfCocaine: lol
(12:20 / Allies) ShotOfCocaine: yeah works good when you only have 2
(12:22 / Allies) ShotOfCocaine: and he has 3 wyvs
(12:24 / Allies) ShotOfCocaine: so they can't attack
(12:26 / Allies) ShotOfCocaine: and everything dies
(12:30 / Allies) ShotOfCocaine: hit this
(12:31 / Allies) Josh8: hitttt
(12:32 / Allies) ShotOfCocaine: fucking idiots
(12:33 / Allies) ShotOfCocaine: or I bs
(13:06 / Allies) ShotOfCocaine: HIT
(13:07 / Allies) ShotOfCocaine: FUCKING
(13:09 / All) ShotOfCocaine: FAGGOTS
(13:15 / Allies) Josh8: were bot
(13:18 / Allies) Josh8: how dumb r u
(13:18 / Allies) ShotOfCocaine: idiot
(13:21 / Allies) ShotOfCocaine: the place I am pinging
(13:21 / All) BattleWolf: fuck u yellow
(13:28 / All) BattleWolf: u fucking sucl
(13:35 / All) BloodInTheWeIIs: red is retarded, he fought archers vs two armies of footies earlier
(14:01 / Allies) ShotOfCocaine: gj
(14:02 / Allies) ShotOfCocaine: a little late
(14:03 / Allies) ShotOfCocaine: idiot
(14:17 / Allies) RonPaulRocks: stfu orange jessus
(14:22 / Allies) BattleWolf: im about to tk yellow
(14:30 / Allies) ShotOfCocaine: you couldnt if you wanted to
(14:31 / Allies) BattleWolf: little faggot
(15:07 / All) The_Big_Poop: red suclks
(15:12 / All) The_Big_Poop: c
(15:20 / Allies) ShotOfCocaine: lol
(15:50 / Allies) Josh8: bring hawks
(15:52 / Allies) Josh8: to my expo
(16:00 / Allies) ShotOfCocaine: no
(16:04 / Allies) ShotOfCocaine: learn how to hit expos
(16:05 / Allies) ShotOfCocaine: then ask
(16:09 / All) The_Big_Poop: fucking noob
(17:00 / All) ShotOfCocaine: GET OUT
(17:25 / All) ShotOfCocaine: nice tp lying around blue
(17:39 / All) GeneralOverton: yep
(17:57 / Allies) Josh8: oj wtf
(17:59 / Allies) Josh8: get the fuck out
(18:01 / Allies) Josh8: ur the worst ever
(18:03 / Allies) Josh8: spend ur shit
(18:05 / Allies) Josh8: stop whining
(18:07 / Allies) ShotOfCocaine: lol
(18:08 / Allies) ShotOfCocaine: kill yourself
(18:19 / Allies) ShotOfCocaine: sick idle peon
(19:37 / All) The_Big_Poop: WTF
(19:43 / All) The_Big_Poop: people are fucking pussies
(19:46 / All) ShotOfCocaine: sick tower usage
(19:47 / All) ShotOfCocaine: fuckwit
(19:52 / All) ShotOfCocaine: obsidian towers dying
(19:55 / All) The_Big_Poop: lol?
(19:56 / All) ShotOfCocaine: for free
(20:11 / All) The_Big_Poop: towers are for noobs that cant play good
(20:18 / All) ShotOfCocaine: obsidian towers?
(20:34 / All) The_Big_Poop: nope
(20:36 / All) The_Big_Poop: gay towers
(20:42 / All) ShotOfCocaine: I was talking about obsidian towers
(20:50 / All) ShotOfCocaine: blue suicided his
(20:53 / All) The_Big_Poop: and im talking about your gay towers
(20:56 / All) The_Big_Poop: cus he sucks
(20:58 / All) The_Big_Poop: like red
(21:01 / All) The_Big_Poop: teal was good
(21:38 / All) The_Big_Poop: shitty allies
(21:57 / All) ShotOfCocaine: lvl 2 bolt gg
(21:58 / All) ShotOfCocaine: out
(23:16 / All) BattleWolf: your crew run run run ya crew run run
(23:49 / All) BloodInTheWeIIs: shade?
(23:59 / All) RonPaulRocks: orange u are an angry young bot
(24:02 / Allies) RonPaulRocks: boy
(24:06 / All) RonPaulRocks: no the eye
(24:09 / All) BloodInTheWeIIs: does green have shade
(24:20 / All) RonPaulRocks: ha!
(24:46 / All) RonPaulRocks: ur feeling get hurt easy, must be hard to be u in real life
(24:52 / All) ShotOfCocaine: I'm not at all upset
(24:54 / All) RonPaulRocks: people mean to ya ha?
(24:59 / All) ShotOfCocaine: I scream at everyone in WC3
(25:17 / All) RonPaulRocks: i dont give a shit what u do
(25:22 / All) ShotOfCocaine: alright, then leave
(25:37 / Allies) BattleWolf: control if you want
(25:39 / Allies) BattleWolf: idc
(27:30 / All) ShotOfCocaine: you lost yellow, leave
(28:05 / All) ShotOfCocaine: good boy
(29:36 / All) ShotOfCocaine: Green, you are a worthless shade. I am a glorious gryphon
(29:39 / All) ShotOfCocaine: You can leave
(30:12 / All) BattleWolf: orange was crying the whole game because his boyfriend broke up with him he is a joke
(30:18 / All) BloodInTheWeIIs: I don't know if it's the surface or my mouse
(30:22 / All) BloodInTheWeIIs: but it like hangs a lot
(30:25 / All) ShotOfCocaine: you would have died anyway
(30:29 / All) ShotOfCocaine: teal and I were arranged stabbers
(30:33 / All) ShotOfCocaine: you are just another victim green
(30:56 / All) BattleWolf: you suck dick at fucking pussy
(30:58 / All) BattleWolf: faggot
(31:14 / All) ShotOfCocaine: That is an awful metaphor
(31:20 / All) ShotOfCocaine: Ask teal for advice, he is good with metaphors
(31:22 / All) ShotOfCocaine: he can help you
(31:34 / All) BattleWolf: do you know what sucks for me?
(31:40 / All) BattleWolf: your mouth oj
(31:51 / Allies) ShotOfCocaine: '
(31:57 / All) ShotOfCocaine: Thank you for helping green
(31:59 / All) ShotOfCocaine: With militia
(33:44 / All) BattleWolf: god damn back stabbers
(33:49 / All) BattleWolf: teal i think u won this
(33:50 / All) BattleWolf: gg
(33:53 / All) BloodInTheWeIIs: lawls
(34:16 / All) BattleWolf: nice moon wells teal
(34:22 / All) BattleWolf: your really good at building them
(34:26 / All) BloodInTheWeIIs: thank you
(34:48 / All) BattleWolf: destroy my town
(34:52 / All) BattleWolf: its all good
(35:03 / All) BattleWolf: if not you my team was going to finish me off
(35:13 / All) BloodInTheWeIIs: why
(35:17 / All) BloodInTheWeIIs: do they not like you?
(35:27 / All) BloodInTheWeIIs: You seem like a pretty cool guy
(35:31 / All) BattleWolf: they just team killers
(35:38 / All) BloodInTheWeIIs: I hate team killers
(35:39 / All) BattleWolf: i got betrayed
(35:43 / All) BattleWolf: for being so cool
(36:18 / All) BloodInTheWeIIs: I think I'll buy a mosue pad
(37:06 / All) BattleWolf: now oj is team killing himself
(37:15 / All) BloodInTheWeIIs: I think he wants you to lose
(37:17 / All) ShotOfCocaine: yes to give you the loss
(37:31 / All) BattleWolf: we will see
(37:33 / All) BloodInTheWeIIs: did you do something to offend him?
(37:55 / All) BattleWolf: his boyfriend did
(37:57 / All) BattleWolf: not me
(38:08 / All) BattleWolf: he like penis in and around his mouth
(38:14 / All) BattleWolf: right oj
(38:22 / All) BattleWolf: ur bf broke up with you
(38:33 / All) BattleWolf: and you really want dick and cant get none
(38:38 / All) ShotOfCocaine: everything queued up
(38:39 / All) BattleWolf: right
(38:40 / All) ShotOfCocaine: any last words
(38:49 / All) BattleWolf: yeah
(38:57 / All) BattleWolf: fuck u oj
(39:01 / All) BattleWolf: and fuck ur mom
(39:07 / All) BattleWolf: and fuck ur life
(39:09 / All) BattleWolf: im out
(39:10 / All) ShotOfCocaine: my mom is a post op transgendered man
(39:12 / All) ShotOfCocaine: you're into that
(39:13 / All) ShotOfCocaine: ????
(39:28 / All) BattleWolf: im into fucking sluts
(39:34 / All) ShotOfCocaine: lol